 Dungeon Crawl Stone Soup version 0.29.1-12-g30fa7ad0bf (webtiles) character file.

Game seed: 6057779794665723595

779 Banto the Spear-Bearer (level 7, -15/75 HPs)
             Began as a Demonspawn Gladiator on Jan 5, 2023.
             Was a Follower of Okawaru.
             Demolished by an ogre
             ... wielding a +0 giant club
              (20 damage)
             ... on level 5 of the Dungeon.
             The game lasted 00:06:46 (5867 turns).

Banto the Spear-Bearer (Demonspawn Gladiator)       Turns: 5867, Time: 00:06:47

Health: -15/75     AC: 23    Str: 12    XL:     7   Next: 54%
Magic:  7/7        EV:  2    Int:  8    God:    Okawaru [*.....]
Gold:   271        SH:  0    Dex: 20    Spells: 6/6 levels left

rFire   . . .      SeeInvis .   a - +1 trident
rCold   + . .      Faith    .   (no shield)
rNeg    . . .      Spirit   .   (body armour currently unavailable)
rPois   +          Reflect  .   (helmet currently unavailable)
rElec   .          Harm     .   (cloak currently unavailable)
rCorr   .          Rampage  .   (gloves currently unavailable)
Will    .....      NoTele   +   (boots currently unavailable)
Stlth   ++........              h - amulet of the acrobat
HPRegen 0.22/turn               s - ring of protection from cold
MPRegen 0.20/turn               (no ring)

@: tree-form
A: stationary, stasis, torment immunity, boosted hp, (molten scales 1), magic
regeneration, (weakness stinger 1), agile 1, weak 1, wild magic 1
a: Renounce Religion, Heroism


You were on level 5 of the Dungeon.
You worshipped Okawaru.
Okawaru was aware of your devotion.
You were a tree.
You visited 2 branches of the dungeon, and saw 6 of its levels.

You collected 271 gold pieces.

Inventory:

Hand Weapons
 a - a +1 trident (weapon)
Missiles
 d - 3 throwing nets (quivered)
 e - a javelin
Armour
 c - a +0 helmet (melded)
 g - a scarf of invisibility (melded)
 o - a +0 scale mail (melded)
Jewellery
 h - an amulet of the acrobat (around neck)
 s - a ring of protection from cold (left branch)
Wands
 n - a wand of iceblast (7)
Scrolls
 b - 2 scrolls of enchant weapon
 f - 4 scrolls of identify
 i - 3 scrolls of teleportation
 j - 3 scrolls of blinking
 p - a scroll of vulnerability {unknown}
 q - a scroll of torment {unknown}
Potions
 k - a potion of attraction
 l - a potion of curing
 r - a potion of invisibility


   Skills:
 - Level 2.0 Fighting
 + Level 8.2 Polearms
 - Level 1.7 Throwing
 - Level 2.6 Dodging


You had 6 spell levels left.
You didn't know any spells.
Your spell library contained the following spells:

 Spells                   Type           Power      Damage    Failure   Level
 Magic Dart               Conj           0%         1d3       50%         1
 Blink                    Tloc           0%         N/A       63%         2
 Gell's Gravitas          Tloc           0%         N/A       85%         3
 Ignite Poison            Fire/Tmut/Pois 0%         N/A       85%         3
 Lesser Beckoning         Tloc           0%         N/A       85%         3
 Mephitic Cloud           Conj/Pois/Air  0%         N/A       85%         3
 Ozocubu's Armour         Ice            0%         N/A       85%         3
 Teleport Other           Tloc           0%         N/A       85%         3
 Freezing Cloud           Conj/Ice/Air   0%         6-21      100%        5
 Manifold Assault         Tloc           0%         N/A       100%        5
 Dispersal                Tloc           0%         N/A       100%        6
 Ozocubu's Refrigeration  Ice            0%         4d7       100%        7
 Call Imp                 Summ           Unusable   N/A       N/A         2

Dungeon Overview and Level Annotations

Branches:
Dungeon (5/15)             Temple (1/1) D:5

Altars:
Ashenzari
Cheibriados
Dithmenos
Gozag
Hepliaklqana
Kikubaaqudgha
Makhleb
Nemelex Xobeh
Okawaru
Qazlal
Ru
Sif Muna
Trog
Uskayaw
Wu Jian
Xom
Yredelemnul

Shops:
D:2 :


Innate Abilities, Weirdness & Mutations

You are a tree.
Your roots penetrate the ground, keeping you stationary.
You cannot be teleported.
You are immune to unholy pain and torment.
Your maximum health is greatly increased.
Your equipment is partially melded.
((You are partially covered in molten scales. (AC +2)))
You regenerate magic rapidly.
((You have a small tail.))
You are agile. (Dex +4, Str/Int -1)
You are weak. (Str -2)
Your spells are a little harder to cast, but a little more powerful.


Message History

The howler monkey hits you but does no damage.
The orc barely misses you. The scorpion closely misses you.
The ogre hits you with a +0 giant club! The howler monkey hits you.
You closely miss the orc. The orc hits you but does no damage.
The scorpion stings you but does no damage.
The howler monkey hoots and howls with incredible vigour!
You hear an angry hiss.
You hear a bark!
You hear a shout!
Really quaff the potion of lignification?
You turn into a tree.
Your scarf of invisibility melds into your body.
Your +0 helmet melds into your body.
Your +0 scale mail melds into your body.
Your roots penetrate the ground.
The orc hits you but does no damage.
The scorpion stings you but does no damage.
The ogre hits you with a +0 giant club!!
* * * LOW HITPOINT WARNING * * *
The howler monkey hits you but does no damage.
Unknown command.
Unknown command.
You hit the ogre but do no damage.
The scorpion stings you but does no damage.
The orc hits you with a +0 whip.
* * * LOW HITPOINT WARNING * * *
The howler monkey hits you.
* * * LOW HITPOINT WARNING * * *
Unknown command.
You hit the ogre.
The ogre is moderately wounded.
The ogre hits you but does no damage.
The scorpion stings you but does no damage.
The howler monkey completely misses you.
The orc hits you but does no damage.
Unknown command.
You puncture the ogre!
The ogre is heavily wounded.
The scorpion stings you but does no damage.
The howler monkey hits you but does no damage.
The orc hits you but does no damage.
The ogre hits you with a +0 giant club!!
You die...

###########.#
............#
###########.# # #.#
#### # #.# #... #
#.# ## #..#
###########.# #)#..#
..........#†#####o.#
..........#....#♣h##
..........#.##.sO##
..........#.####S.#
..........#.# ##..#
..........#.# #..#
..........#+### #..#
.....#####....# #...
.....#####....# ###
..............#
#########


You could see an ogre, a scorpion, a howler monkey, an adder and an orc.

Vanquished Creatures
  2 ogres (D:5)
  A phantom (D:5)
  3 scorpions
  A hound (D:5)
  2 iguanas
  An orc wizard (D:3)
  8 gnolls
  5 adders
  A shadow imp (D:5)
  2 white imps (D:5)
  An ufetubus (D:5)
  A worm (D:2)
  A dart slug (D:3)
  16 orcs
  7 endoplasms
  2 giant cockroaches
  9 goblins
  7 hobgoblins
  3 jackals (D:2)
  4 kobolds
  2 quokkas
  4 ball pythons
  9 bats
  3 frilled lizards
  5 rats
100 creatures vanquished.

Notes
Turn   | Place    | Note
-------+----------+-------------------------------------------
     0 | D:1      | Banto the Demonspawn Gladiator began the quest for the Orb.
     0 | D:1      | Reached XP level 1. HP: 16/16 MP: 1/1
    61 | D:1      | Reached skill level 3 in Polearms
   350 | D:1      | Gained mutation: You are partially covered in molten
                  | scales. (AC +2) [demonic ancestry]
   350 | D:1      | Reached XP level 2. HP: 22/22 MP: 2/2
   704 | D:1      | Reached XP level 3. HP: 27/27 MP: 3/3
  1032 | D:2      | Found a faded altar of an unknown god.
  1037 | D:2      | Reached skill level 4 in Polearms
  1329 | D:2      | Found Xunisi's Book Emporium.
  1788 | D:2      | Reached XP level 4. HP: 33/33 MP: 4/4
  2410 | D:3      | Reached skill level 5 in Polearms
  2412 | D:3      | Gained mutation: Your spells are a little harder to cast,
                  | but a little more powerful. [potion of mutation]
  2412 | D:3      | Gained mutation: You are weak. (Str -2) [potion of
                  | mutation]
  2412 | D:3      | Gained mutation: You are agile. (Dex +4, Str/Int -1)
                  | [potion of mutation]
  2418 | D:3      | HP: 1/49 [orc/+0 trident (3)]
  2709 | D:3      | Reached XP level 5. HP: 33/38 MP: 5/5
  4123 | D:4      | Reached skill level 6 in Polearms
  4123 | D:4      | Gained mutation: You regenerate magic rapidly. [demonic
                  | ancestry]
  4123 | D:4      | Reached XP level 6. HP: 39/44 MP: 6/6
  4430 | D:5      | Entered Level 5 of the Dungeon
  4981 | D:5      | Found a staircase to the Ecumenical Temple.
  5051 | Temple   | Entered the Ecumenical Temple
  5124 | Temple   | Became a worshipper of Warmaster Okawaru
  5173 | D:5      | Reached skill level 7 in Polearms
  5190 | D:5      | Gained mutation: You have a small tail. [demonic ancestry]
  5190 | D:5      | Reached XP level 7. HP: 41/50 MP: 7/7
  5611 | D:5      | Reached skill level 8 in Polearms
  5858 | D:5      | Reached * piety under Okawaru
  5867 | D:5      | Demolished by an ogre

Illustrated notes

Levels and vault maps discovered:
D:1:      dpeg_arrival_boxorama, layout_loops_ring
D:2:      layout_basic, serial_shops, shop,
          hellmonk_ecumenical_altar_slurped_away
D:3:      layout_loops_corners, kennysheep_cross_bottleneck
D:4:      layout_basic, serial_rivers, chequers_serial_rivers_micro_c,
          chequers_serial_rivers_micro_a, chequers_serial_rivers_large_b,
          chequers_serial_rivers_marsh, chequers_serial_rivers_micro_e,
          portal_sewer_entry_e
D:5:      minmay_diamond_boxcup, layout_basic, minmay_temple_entry_antechambers
Temple:   nicolae_temple_bog_church

Skill      XL: |  1  2  3  4  5  6  7 |
---------------+----------------------+-----
Polearms       | 3 4 5 6 7 8 |  8.2
Fighting       | |  2.0
Throwing       | |  1.7
Dodging        | |  2.6

Action                   |  1- 3 |  4- 6 |  7- 9 || total
-------------------------+-------+-------+-------++-------
Melee: Trident           |   119 |   218 |    53 ||   390
       Punch             |       |     2 |     3 ||     5
       Tailslap          |       |       |    16 ||    16
Evoke: Wand              |       |       |     2 ||     2
  Use: Potion            |       |     6 |     1 ||     7
       Scroll            |       |     7 |     1 ||     8
 Stab: Sleeping          |     5 |     1 |       ||     6
Armor: Leather armour    |    48 |     4 |       ||    52
       Skin              |       |    41 |    10 ||    51
       Scale mail        |       |    76 |    20 ||    96
Dodge: Dodged            |    77 |   108 |    18 ||   203
